 Dungeon Crawl Stone Soup version 0.20-a0-493-g19c8d8d (webtiles) character file.

105 HarleyQuinn the Chopper (level 4, -11/39 HPs)
             Began as a Hill Orc Fighter on Jan 16, 2017.
             Was an Initiate of Beogh.
             Killed from afar by Sigmund (13 damage)
             ... with a puff of flame
             ... on level 3 of the Dungeon.
             The game lasted 00:01:54 (2125 turns).

HarleyQuinn the Chopper (Hill Orc Fighter)          Turns: 2125, Time: 00:01:54

Health: -11/39     AC:  9    Str: 24    XL:     4   Next: 83%
Magic:  4/4        EV:  5    Int:  8    God:    Beogh [......]
Gold:   148        SH:  9    Dex: 10    Spells: 3/3 levels left

rFire    . . .     SeeInvis .   a - +0 war axe
rCold    . . .     Gourm    .   q - +0 chain mail
rNeg     . . .     Faith    .   c - +0 shield
rPois    .         Spirit   .   (no helmet)
rElec    .         Reflect  .   (no cloak)
rCorr    .         Harm     .   (no gloves)
MR       .....                  (no boots)
Stlth    ..........             (no amulet)
Regen    0.2/turn               (no ring)
                                (no ring)

@: mighty
A: no striking features
a: Renounce Religion


You were on level 3 of the Dungeon.
You worshipped Beogh.
Beogh was noncommittal.
You were not hungry.

You visited 1 branch of the dungeon, and saw 3 of its levels.

You collected 148 gold pieces.

Inventory:

Hand Weapons
 a - a +0 war axe (weapon)
Armour
 b - a +0 scale mail
 c - a +0 shield (worn)
 q - a +0 chain mail (worn)
 r - a +3 chain mail of cold resistance
Scrolls
 e - 3 scrolls of teleportation {unknown}
 k - 2 scrolls of amnesia {unknown}
 l - a scroll of recharging {unknown}
 m - 2 scrolls of immolation {unknown}
 o - a scroll of fog {unknown}
Potions
 g - 3 potions of curing {unknown}
 h - a potion of resistance {unknown}
 i - a potion of lignification {unknown}
Comestibles
 f - 3 bread rations
 j - 3 meat rations
 n - a chunk of flesh
 p - a slice of pizza


   Skills:
 - Level 3.6 Fighting
 + Level 6.4 Axes
 - Level 3.2 Armour
 - Level 3.2 Shields
 + Level 0.0 Invocations


You had 3 spell levels left.
You didn't know any spells.

Dungeon Overview and Level Annotations

Branches:
Dungeon (3/15)

Altars:

Annotations:
D:3 Sigmund


Message History

* * * LOW HITPOINT WARNING * * *
You closely miss Sigmund.
Sigmund is lightly wounded.
You block Sigmund's attack.
You feel very mighty all of a sudden. Sigmund hits you with a scythe.
* * * LOW HITPOINT WARNING * * *
Your shield and chain mail prevent you from hitting Sigmund.
Sigmund is lightly wounded.
You closely miss Sigmund.
Sigmund is lightly wounded.
You block Sigmund's attack.
You completely miss Sigmund.
Sigmund is lightly wounded.
You block Sigmund's attack.
You slice Sigmund!!
Sigmund is severely wounded.
Sigmund gestures at you while chanting. The puff of flame hits you!
You die...

####...####.### ##.
#........##(# #..
#.##..##.##.# #...
#.##.(##.##.# #...
#.##<..)....###
###...#####.##.#)#(##....
.........)#.##.#.#.##....
.$......!...##...#.......
.......@..######.####....
#.#...#@### #.........
#.. #.# #.######## #. #.#
#.##### # #.# #.#...####
#.# #......#.. ..#
#........# ..# #.........
#........#


You could see Sigmund.

Vanquished Creatures
  Ijyb (D:3)
  3 adders (D:2)
  An ooze (D:2)
  A worm (D:2)
  2 dart slugs (D:1)
  A leopard gecko (D:2)
  4 giant cockroaches
  8 goblins
  A hobgoblin (D:1)
  2 jackals (D:1)
  A quokka (D:2)
  3 bats
  2 frilled lizards
  7 kobolds
  6 rats
43 creatures vanquished.

Notes
Turn   | Place    | Note
-------+----------+-------------------------------------------
     0 | D:1      | HarleyQuinn the Hill Orc Fighter began the quest for the Orb.
     0 | D:1      | Reached XP level 1. HP: 19/19 MP: 1/1
    26 | D:1      | Reached skill level 3 in Axes
    53 | D:1      | Reached XP level 2. HP: 26/26 MP: 2/2
   108 | D:1      | Reached skill level 4 in Axes
   745 | D:2      | Reached XP level 3. HP: 28/31 MP: 3/3
   863 | D:2      | Reached skill level 5 in Axes
  1564 | D:2      | Reached XP level 4. HP: 39/39 MP: 4/4
  1969 | D:3      | Noticed Ijyb
  1985 | D:3      | Killed Ijyb
  1985 | D:3      | Reached skill level 6 in Axes
  2045 | D:3      | Became a worshipper of Beogh the Brigand
  2089 | D:3      | Noticed Sigmund
  2125 | D:3      | Killed from afar by Sigmund

Vault maps used:
D:1:      scummos_arrival_star
D:2:      chequers_ecumenical_altar_lobes, first_bread, minmay_pentomino_u2
D:3:      uniq_sigmund, uniq_iyjb, uniq_jessica

Skill      XL: |  1  2  3  4 |
---------------+-------------+-----
Axes           | 3 4 5 6 |  6.4
Fighting       | |  3.6
Armour         | |  3.2
Shields        | |  3.2

Action                   |  1- 3 |  4- 6 || total
-------------------------+-------+-------++-------
Melee: War axe           |   133 |    70 ||   203
Invok: Convert to Beogh  |       |     1 ||     1
  Use: Potion            |       |     1 ||     1
  Eat: Chunk             |     2 |     2 ||     4
Armor: Scale mail        |    56 |    15 ||    71
       Chain mail        |       |    10 ||    10
Dodge: Dodged            |    44 |    12 ||    56
Block: Shield            |    80 |    23 ||   103
